 Dungeon Crawl Stone Soup version 0.24-a0-434-gd57e52fea8 (webtiles) character file.

Game seed: 4685498714422245593

198 Azzok the Shield-Bearer (level 6, -2/47 HPs)
             Began as a Formicid Fighter on June 15, 2019.
             Was an Initiate of Okawaru.
             Slain by an ogre
             ... wielding a +0 giant club
              (19 damage)
             ... on level 4 of the Dungeon.
             The game lasted 00:04:13 (3020 turns).

Azzok the Shield-Bearer (Formicid Fighter)          Turns: 3020, Time: 00:04:13

Health: -2/47      AC:  8    Str: 23    XL:     6   Next: 5%
Magic:  6/6        EV:  8    Int:  7    God:    Okawaru [......]
Gold:   129        SH: 10    Dex: 10    Spells: 5/5 levels left

rFire    . . .     SeeInvis +   a - +0 war axe
rCold    . . .     Gourm    .   c - +0 shield
rNeg     + . .     Faith    .   b - +0 scale mail
rPois    .         Spirit   .   (helmet unavailable)
rElec    .         Reflect  .   l - +0 cloak
rCorr    .         Harm     .   (no gloves)
MR       .....                  (no boots)
Stlth    ..........             (no amulet)
HPRegen  0.15/turn              k - ring of positive energy
MPRegen  0.10/turn              (no ring)

@: no status effects
A: permanent stasis, dig shafts and tunnels, four strong arms, antennae 3
a: Dig, Shaft Self, Renounce Religion


You were on level 4 of the Dungeon.
You worshipped Okawaru.
Okawaru was noncommittal.
You were not hungry.

You visited 1 branch of the dungeon, and saw 4 of its levels.

You collected 129 gold pieces.

Inventory:

Hand Weapons
 a - a +0 war axe (weapon)
Armour
 b - a +0 scale mail (worn)
 c - a +0 shield (worn)
 l - a +0 cloak (worn)
Jewellery
 k - a ring of positive energy (left hand)
 p - an uncursed ring of poison resistance
Wands
 i - a wand of enslavement (9)
 o - a wand of iceblast (8)
Scrolls
 e - a scroll of noise {unknown}
 g - 3 scrolls of remove curse {unknown}
 n - a scroll of teleportation {unknown}
 q - a scroll of enchant armour {unknown}
 r - a scroll of enchant weapon {unknown}
 t - a scroll of blinking {unknown}
Potions
 d - 2 potions of might
 h - 2 potions of curing
 j - a potion of heal wounds {unknown}
 m - a potion of mutation {unknown}
Comestibles
 f - 9 rations


   Skills:
 - Level 3.2 Fighting
 + Level 4.3 Axes
 - Level 3.2 Armour
 + Level 5.9 Shields


You had 5 spell levels left.
You didn't know any spells.
Your spell library was empty.

Dungeon Overview and Level Annotations

Branches:
Dungeon (4/15)
 Temple: D:4-7

Altars:
Dithmenos
Gozag
Nemelex Xobeh
Okawaru
Trog
Xom


Innate Abilities, Weirdness & Mutations

You cannot be hasted, slowed, berserked, paralysed or teleported.
You can dig through walls and to a lower floor.
Your four strong arms can wield two-handed weapons with a shield.
You have a pair of large antennae on your head. (SInv)


Message History

There are monsters nearby!
There are monsters nearby!
You eat one of the 10 rations.
That ration really hit the spot!
You hit the ogre.
The ogre is moderately wounded.
The ogre hits you but does no damage.
You slash the ogre!
The ogre is heavily wounded.
The ogre hits you with a +0 giant club!!
You completely miss the ogre.
The ogre is heavily wounded.
The ogre hits you with a +0 giant club!
You hit the ogre.
The ogre is severely wounded.
You block the ogre's attack.
Your shield and scale mail prevent you from hitting the ogre.
The ogre is severely wounded.
The ogre barely misses you.
The ogre hits you with a +0 giant club!!
You die...

▒▒▒▒▒▒▒▒▒····▒
▒······▒▒····▒
▒······▒▒····▒ S
▒······▒▒····▒▒▒▒▒▒▒···
▒▒······▒▒··············
▒·········>·············
▒···[··<········▒▒▒▒▒···
▒···········▒▒▒O▒
▒···········▒ ▒@▒
▒···········▒ ▒·▒
▒▒▒▒▒▒▒▒▒╬▒▒▒ ▒·▒ ▒╬▒ {


You could see an ogre.

Vanquished Creatures
  A scorpion (D:4)
  Crazy Yiuf (D:3)
  A worker ant (D:4)
  5 adders
  A worm (D:2)
  3 dart slugs (D:1)
  8 bats
  3 giant cockroaches
  3 goblins
  6 hobgoblins
  2 ball pythons (D:2)
  3 frilled lizards
  5 kobolds
  6 rats
48 creatures vanquished.

Notes
Turn   | Place    | Note
-------+----------+-------------------------------------------
     0 | D:1      | Azzok the Formicid Fighter began the quest for the Orb.
     0 | D:1      | Reached XP level 1. HP: 18/18 MP: 1/1
   132 | D:1      | Reached XP level 2. HP: 24/24 MP: 2/2
   237 | D:1      | Reached skill level 4 in Shields
   489 | D:1      | Reached XP level 3. HP: 29/29 MP: 3/3
   852 | D:2      | Found an iron altar of Okawaru.
   856 | D:2      | Found a shadowy altar of Dithmenos.
   904 | D:2      | Became a worshipper of Warmaster Okawaru
  1338 | D:2      | Reached XP level 4. HP: 35/35 MP: 4/4
  1682 | D:2      | Found a shimmering altar of Xom.
  1682 | D:2      | Found an opulent altar of Gozag.
  1683 | D:2      | Found a bloodstained altar of Trog.
  2134 | D:3      | Found a sparkling altar of Nemelex Xobeh.
  2187 | D:3      | Found a runed translucent door.
  2190 | D:3      | Noticed Crazy Yiuf
  2198 | D:3      | Killed Crazy Yiuf
  2198 | D:3      | Reached skill level 5 in Shields
  2497 | D:3      | Reached XP level 5. HP: 39/41 MP: 5/5
  2714 | D:4      | Reached XP level 6. HP: 3/47 MP: 6/6
  3007 | D:4      | Noticed an ogre
  3020 | D:4      | Slain by an ogre

Levels and vault maps discovered:
D:1:      dpeg_arrival_orchard, layout_basic
D:2:      layout_basic, gammafunk_temple_overflow_claw,
          grunt_temple_overflow_open, kennysheep_generic_room_8
D:3:      layout_loops_ring, corexii_leaking_fountain, corexii_corridor_pit,
          nemelex_spade_bored_becter, uniq_crazy_yiuf_cottage
D:4:      layout_basic, minmay_temple_entry_butterflies,
          ebering_ghost_rock_garden

Skill      XL: |  1  2  3  4  5 |
---------------+----------------+-----
Shields        | 4 5 |  5.9
Axes           | 3 4 |  4.3
Fighting       | |  3.2
Armour         | |  3.2

Action                   |  1- 3 |  4- 6 || total
-------------------------+-------+-------++-------
Melee: War axe           |    89 |    79 ||   168
  Use: Scroll            |       |     2 ||     2
       Potion            |       |     2 ||     2
  Eat: Chunk             |     1 |     5 ||     6
       Ration            |       |     1 ||     1
Armor: Scale mail        |    45 |    35 ||    80
Dodge: Dodged            |    30 |    32 ||    62
Block: Shield            |    59 |    55 ||   114

Table legend:
 A = Non-vault XP
 B = Vault XP
 C = Vault XP percentage of total XP
 D = Non-vault monster count
 E = Vault monster count
 F = Vault count percentage of total count
                 A         B        C        D         E       F
            +---------+---------+-------+---------+---------+-------
      Total |     240 |      43 |  15.2 |      46 |       2 |   4.2
            +---------+---------+-------+---------+---------+-------
        D:1 |      33 |       0 |   0.0 |      16 |       0 |   0.0
        D:2 |      59 |       1 |   1.7 |      20 |       1 |   4.8
        D:3 |      17 |      42 |  71.2 |       5 |       1 |  16.7
        D:4 |     131 |       0 |   0.0 |       5 |       0 |   0.0
            +---------+---------+-------+---------+---------+-------
